 Dungeon Crawl Stone Soup version 0.21.1-1-g345015f (webtiles) character file.

9573 Hasart the Destroyer (level 11, -1/84 HPs)
             Began as a Green Draconian Conjurer on Mar 31, 2018.
             Was an Elder of Vehumet.
             Slain by Fannar
             ... wielding a +0 quarterstaff of freezing
              (9 damage)
             ... on level 11 of the Dungeon on Apr 1, 2018.
             The game lasted 00:33:32 (12583 turns).

Hasart the Destroyer (Green Draconian Conjurer)    Turns: 12583, Time: 00:33:33

Health: -1/84      AC:  9    Str: 13    XL:     11   Next: 24%
Magic:  17/22      EV: 13    Int: 18    God:    Vehumet [****..]
Gold:   582        SH:  4    Dex: 16    Spells: 15/25 levels left

rFire    . . .     SeeInvis .   i - +3 hand axe (elec)
rCold    . . .     Gourm    .   (no shield)
rNeg     . . .     Faith    .   (armour unavailable)
rPois    +         Spirit   .   (helmet restricted)
rElec    .         Reflect  +   (no cloak)
rCorr    .         Harm     .   k - +0 pair of gloves
MR       +....                  z - +0 pair of boots of Mumblety Peg {rPois Str+3 Slay+6}
Stlth    ++........             x - +4 amulet of reflection
HPRegen  0.24/turn              y - ring of protection from magic
MPRegen  0.18/turn              v - +3 ring of dexterity

@: about to teleport
A: breathe noxious fumes, unfitting armour, poison resistance, cold-blooded, AC
+7
a: Breathe Noxious Fumes, Renounce Religion


You were on level 11 of the Dungeon.
You worshipped Vehumet.
Vehumet was greatly pleased with you.
You were hungry.

You visited 1 branch of the dungeon, and saw 11 of its levels.
You also visited: Sewer and Ossuary.

You collected 582 gold pieces.

Inventory:

Hand Weapons
 i - a +3 hand axe of electrocution (weapon)
Armour
 k - a +0 pair of gloves (worn)
 z - the +0 pair of boots of Mumblety Peg (worn) {rPois Str+3 Slay+6}
   (You found it on level 10 of the Dungeon)

   It affects your strength (+3).
   It affects your accuracy and damage with ranged weapons and melee attacks
   (+6).
   It protects you from poison.
Magical Staves
 I - an uncursed staff of poison
Jewellery
 d - an uncursed ring of flight
 q - an uncursed amulet of the gourmand
 v - a +3 ring of dexterity (right hand)
 x - a +4 amulet of reflection (around neck)
 y - a ring of protection from magic (left hand)
 E - an uncursed amulet of harm {unknown}
 H - an uncursed ring of fire
Wands
 o - a wand of disintegration (44)
 p - a wand of paralysis (13)
 u - a wand of flame (17)
 C - a wand of enslavement (9)
Scrolls
 h - 4 scrolls of magic mapping
 j - a scroll of immolation
 l - 9 scrolls of identify
 r - 8 scrolls of remove curse
 w - 9 scrolls of teleportation
 G - a scroll of amnesia
Potions
 c - a potion of haste
 e - a potion of mutation
 f - 2 potions of invisibility
 n - 3 potions of might
 s - 3 potions of lignification
 t - 3 potions of curing
 B - 2 potions of flight
 F - 2 potions of resistance
Books
 a - a book of Conjurations

   Spells                             Type                      Level
   a - Magic Dart                     Conjuration                  1
   b - Searing Ray                    Conjuration                  2
   c - Dazzling Spray                 Conjuration/Hexes            3
   d - Fulminant Prism                Conjuration/Hexes            4
   e - Force Lance                    Conjuration/Translocation    4
   f - Iskenderun's Mystic Blast      Conjuration                  4
 m - a book of Air

   Spells                             Type                      Level
   a - Shock                          Conjuration/Air              1
   b - Swiftness                      Charms/Air                   2
   c - Static Discharge               Conjuration/Air              3
   d - Airstrike                      Air                          4
   e - Lightning Bolt                 Conjuration/Air              5
 A - a book of Maledictions

   Spells                             Type                      Level
   a - Corona                         Hexes                        1
   b - Ensorcelled Hibernation        Hexes/Ice                    2
   c - Confuse                        Hexes                        3
   d - Tukima's Dance                 Hexes                        3
   e - Dazzling Spray                 Conjuration/Hexes            3
Comestibles
 b - 14 rations
 J - a chunk of flesh


   Skills:
 - Level 4.0 Fighting
 + Level 6.1 Axes
 - Level 3.0 Dodging
 - Level 2.0 Stealth
 + Level 7.6 Spellcasting
 + Level 10.3 Conjurations
 - Level 4.0 Hexes
 + Level 4.0 Earth Magic
 - Level 9.1 Poison Magic


You had 15 spell levels left.
You knew the following spells:

 Your Spells              Type           Power        Failure   Level  Hunger
a - Magic Dart            Conj           ####         1%          1    None
b - Swiftness             Chrm/Air       #.......     16%         2    None
c - Dazzling Spray        Conj/Hex       ####..       1%          3    #......
d - Sting                 Conj/Pois      ####         1%          1    None
e - Stone Arrow           Conj/Erth      ####..       1%          3    #......


Dungeon Overview and Level Annotations

Branches:
Dungeon (11/15)            Temple (0/1) D:6            Lair (0/6) D:8
    Orc: D:9-12

Altars:
Dithmenos
Elyvilon
Hepliaklqana
Kikubaaqudgha
Makhleb
Okawaru
Qazlal
Uskayaw
Vehumet
Wu Jian
The Shining One

Shops:
D:8 }

Annotations:
D:11 Fannar


Innate Abilities, Weirdness & Mutations

You can breathe blasts of noxious fumes.
Your lurid green scales are hard. (AC +7)
You cannot fit into any form of body armour.
Your system is resistant to poisons. (rPois)
You are cold-blooded and may be slowed by cold attacks.


Message History

* * * LOW HITPOINT WARNING * * *
The manticore claws you!
* * * LOW HITPOINT WARNING * * *
Unknown command.
Unknown command.
As you read the scroll of fear, it crumbles to dust.
You assume a fearsome visage.
Fannar easily resists.
The manticore looks frightened!
Fannar closely misses you.
Unknown command.
You feel better. Fannar closely misses you.
As you read the scroll of teleportation, it crumbles to dust.
You feel strangely unstable.
You have got your breath back.
Fannar hits you with a quarterstaff of freezing.
* * * LOW HITPOINT WARNING * * *
Fannar freezes you.
* * * LOW HITPOINT WARNING * * *
The manticore looks more healthy.
Fannar hits you with a quarterstaff of freezing!
You die...

#........## #........
#.........# ##........
##........###.........
#.........##...#.....
#H.............##...#
##.............# ####
#.............#
##..e.........#
##@..........#
###..##......#
#.)#####...... #..##
#....... #..# ... #..#
.. ...# ...# ...


You could see Fannar and a manticore (fleeing).

Vanquished Creatures
  Erica (D:8)
  3 two-headed ogres
  An unseen horror (D:10)
  An ugly thing (D:11)
  A troll (D:10)
  A hippogriff (D:10)
  Grinder (D:3)
  A wraith (Ossuary)
  4 yaks (D:11)
  A hungry ghost (D:11)
  3 black bears
  2 sky beasts
  4 ogres
  A necrophage (D:9)
  3 orc warriors
  4 centaurs
  2 crocodiles
  A big kobold (D:10)
  9 bullfrogs
  A wyvern zombie (D:7)
  13 killer bees
  4 crimson imps
  A bullfrog zombie (D:5)
  A quasit (D:10)
  2 jellies
  2 hounds
  2 centaur skeletons
  7 orc priests
  A bullfrog skeleton (D:11)
  3 iguanas
  10 orc wizards
  8 worker ants
  2 hound skeletons
  A mummy (Ossuary)
  4 gnolls (D:3)
  2 howler monkey skeletons (D:4)
  14 adders
  3 shadow imps
  A white imp (D:7)
  3 oozes
  An adder zombie (D:7)
  An adder skeleton (D:6)
  10 worms
  4 dart slugs
  5 leopard geckos
  36 orcs
  A ball python (Sewer)
  6 giant cockroaches
  11 goblins
  5 hobgoblins
  31 jackals
  8 quokkas
  13 bats
  2 frilled lizards
  5 gnoll skeletons (Ossuary)
  5 goblin zombies (D:7)
  A hobgoblin zombie (D:7)
  A jackal zombie (D:7)
  11 kobolds
  6 kobold skeletons
  A kobold zombie (D:7)
  16 orc skeletons
  An orc zombie (D:7)
  3 rats
313 creatures vanquished.

Vanquished Creatures (collateral kills)
  A killer bee (D:9)
1 creature vanquished.

Grand Total: 314 creatures vanquished

Notes
Turn   | Place    | Note
-------+----------+-------------------------------------------
     0 | D:1      | Hasart the Draconian Conjurer began the quest for the Orb.
     0 | D:1      | Reached XP level 1. HP: 14/14 MP: 3/3
   580 | D:1      | Reached XP level 2. HP: 20/20 MP: 5/5
   930 | D:2      | Found a white marble altar of Elyvilon.
  1209 | D:2      | Reached XP level 3. HP: 16/26 MP: 6/6
  1337 | D:2      | Learned a level 2 spell: Searing Ray
  1341 | D:2      | Learned a level 3 spell: Dazzling Spray
  1418 | D:2      | Found a hide-covered altar of Uskayaw.
  1542 | D:2      | Found an ancient bone altar of Kikubaaqudgha.
  1573 | D:2      | Reached skill level 1 in Axes
  1726 | D:2      | Found a stormy altar of Qazlal.
  1727 | D:2      | Found an ornate altar of the Wu Jian Council.
  1815 | D:2      | Found a burning altar of Makhleb.
  1833 | D:2      | Reached skill level 5 in Conjurations
  1833 | D:2      | Reached XP level 4. HP: 22/33 MP: 5/7
  2500 | D:3      | Reached skill level 1 in Hexes
  2549 | D:3      | Reached XP level 5. HP: 31/38 MP: 1/8
  2926 | D:3      | Noticed Grinder
  2936 | D:3      | Paralysed by Grinder for 4 turns
  2942 | D:3      | Killed Grinder
  2942 | D:3      | Reached XP level 6. HP: 23/45 MP: 0/10
  3252 | D:3      | Found a faded altar of an unknown god.
  3496 | D:4      | Reached skill level 6 in Conjurations
  3752 | D:4      | Found an iron altar of Okawaru.
  3769 | D:4      | Your scales start taking on a lurid green colour.
  3769 | D:4      | Reached XP level 7. HP: 50/50 MP: 3/12
  3769 | D:4      | Gained mutation: Your system is resistant to poisons. (rPois) [Green Draconian growth]
  4414 | D:5      | Entered Level 5 of the Dungeon
  4465 | D:5      | Reached skill level 7 in Conjurations
  4944 | D:5      | Found a radiant altar of Vehumet.
  4947 | D:5      | Became a worshipper of Vehumet
  5005 | D:5      | Reached XP level 8. HP: 55/57 MP: 14/14
  5573 | D:6      | Found a staircase to the Ecumenical Temple.
  5803 | D:6      | Found a glowing drain.
  5822 | Sewer    | Entered a sewer
  6047 | Sewer    | Reached * piety under Vehumet
  6047 | Sewer    | Offered knowledge of Sting by Vehumet.
  6054 | Sewer    | Learned a level 1 spell: Sting
  6799 | D:6      | Reached skill level 8 in Conjurations
  7119 | D:7      | Reached skill level 1 in Poison Magic
  7350 | D:7      | Found a shadowy altar of Dithmenos.
  7366 | D:7      | Reached skill level 1 in Fighting
  7597 | D:7      | Offered knowledge of Flame Tongue by Vehumet.
  7600 | D:7      | Reached ** piety under Vehumet
  7607 | D:7      | Found a glowing golden altar of the Shining One.
  7810 | D:7      | Reached skill level 5 in Spellcasting
  7810 | D:7      | Reached XP level 9. HP: 63/67 MP: 16/16
  8670 | D:8      | Noticed a two-headed ogre
  8691 | D:8      | Killed a two-headed ogre
  8783 | D:8      | Found a sand-covered staircase.
  8787 | Ossuary  | Entered an ossuary
  8812 | Ossuary  | Offered knowledge of Stone Arrow by Vehumet.
  8829 | Ossuary  | Reached *** piety under Vehumet
  8838 | Ossuary  | Learned a level 3 spell: Stone Arrow
  8891 | Ossuary  | Reached skill level 9 in Conjurations
  8962 | Ossuary  | Offered knowledge of Static Discharge by Vehumet.
  9085 | D:8      | Found a staircase to the Lair.
  9142 | D:8      | Found a hazy altar of Hepliaklqana.
  9539 | D:8      | Found Ilock's Gadget Boutique.
  9613 | D:8      | Noticed Erica
  9634 | D:8      | Killed Erica
  9634 | D:8      | Reached XP level 10. HP: 69/78 MP: 13/19
  9915 | D:9      | Noticed a two-headed ogre
  9935 | D:9      | Killed a two-headed ogre
 10381 | D:9      | Reached skill level 1 in Earth Magic
 10396 | D:10     | Entered Level 10 of the Dungeon
 10455 | D:10     | Got a pair of transparent boots
 10461 | D:10     | Identified the +0 pair of boots of Mumblety Peg {rPois Str+3 Slay+6} (You found it on level 10 of the Dungeon)
 10467 | D:10     | Reached **** piety under Vehumet
 10711 | D:10     | Killed an unseen horror
 10711 | D:10     | Reached skill level 5 in Axes
 10994 | D:10     | Offered knowledge of Inner Flame by Vehumet.
 11587 | D:10     | Reached skill level 10 in Conjurations
 11934 | D:11     | Reached XP level 11. HP: 48/83 MP: 21/21
 12277 | D:11     | Noticed a purple ugly thing
 12286 | D:11     | Killed a purple ugly thing
 12328 | D:11     | Learned a level 2 spell: Swiftness
 12531 | D:11     | Noticed a two-headed ogre
 12540 | D:11     | Killed a two-headed ogre
 12571 | D:11     | Noticed Fannar
 12577 | D:11     | HP: 4/83 [manticore (7)]
 12583 | D:11     | Slain by Fannar

Skill      XL: |  1  2  3  4  5  6  7  8  9 10 11 |
---------------+----------------------------------+-----
Stealth        | 2 |  2.0
Axes           | 1 2 3 4 5 6 |  6.1
Conjurations   | 5 6 7 8 9 10 | 10.3
Hexes          | 1 2 3 4 |  4.0
Spellcasting   | 3 4 5 6 7 |  7.6
Dodging        | 2 3 |  3.0
Poison Magic   | 3 7 9 |  9.1
Fighting       | 2 4 |  4.0
Earth Magic    | 3 4 |  4.0

Action                   |  1- 3 |  4- 6 |  7- 9 | 10-12 || total
-------------------------+-------+-------+-------+-------++-------
Melee: Unarmed           |    17 |       |       |       ||    17
       Dagger            |    23 |       |       |       ||    23
       Tailslap          |     9 |    10 |    39 |    15 ||    73
       Hand axe          |    75 |    75 |   436 |   149 ||   735
 Cast: Magic Dart        |       |    18 |    21 |    44 ||    83
       Searing Ray       |       |     6 |     1 |       ||     7
       Sting             |       |       |    20 |    31 ||    51
       Stone Arrow       |       |       |     5 |    11 ||    16
       Dazzling Spray    |       |       |       |     1 ||     1
 Abil: Breathe Noxious F |       |       |    17 |    14 ||    31
  Use: Scroll            |       |       |    12 |     2 ||    14
       Potion            |       |       |    12 |     2 ||    14
 Stab: Sleeping          |       |     2 |    10 |     3 ||    15
       Confused          |       |       |     8 |     1 ||     9
  Eat: Chunk             |     3 |    21 |    24 |     4 ||    52
Armor: Skin              |    40 |    28 |   144 |    65 ||   277
Dodge: Dodged            |   100 |    59 |   315 |   110 ||   584
Block: Other             |       |       |       |    21 ||    21
       Reflection        |       |       |       |     1 ||     1
